 Dungeon Crawl Stone Soup version 0.17.1-1-g73c8601 (webtiles) character file.

2440 Metrazal the Covert (level 9, -2/43 HPs)
             Began as a Spriggan Assassin on Jan 2, 2016.
             Slain by Joseph
             ... wielding a +0 quarterstaff
              (11 damage)
             ... on level 7 of the Dungeon.
             The game lasted 02:55:12 (10725 turns).

Metrazal the Covert (Spriggan Assassin)            Turns: 10725, Time: 02:55:12

Health: -2/43      AC:  5    Str:  9    XL:     9   Next: 25%
Magic:  10/10      EV: 26    Int: 12    God:
Gold:   141        SH:  0    Dex: 19    Spells: 0 memorised, 8 levels left

rFire  . . .     SeeInvis +     Y - +2 short sword (venom)
rCold  . . .     Clarity  .     c - +0 robe
rNeg   . . .     SustAt   .     (shield restricted)
rPois  .         Gourm    .     (helmet restricted)
rElec  .         Spirit   .     t - +2 cloak
rCorr  .         Warding  .     (gloves unavailable)
rMut   .         Stasis   .     (boots unavailable)
MR     +....                    (no amulet)
Stlth  ++++++....               v - ring of stealth
                                N - +4 ring of evasion

@: very quick, somewhat resistant to hostile enchantments, very stealthy
A: unfitting armour, see invisible, herbivore 3, speed 3, slow metabolism 2
a: no special abilities


You were on level 7 of the Dungeon.
You were not hungry.

You visited 1 branch of the dungeon, and saw 7 of its levels.

You collected 390 gold pieces.
You spent 249 gold pieces at shops.

Inventory:

Hand Weapons
 a - a +3 dagger
 b - a +0 blowgun
 d - a +0 hunting sling
 o - a +2 short sword of speed
 x - a +2 dagger of speed
 I - a +1 dagger of venom
 J - a +4 short sword
 Y - a +2 short sword of venom (weapon)
Missiles
 n - 20 arrows of flame
 p - 86 arrows
 r - 133 stones (quivered)
 s - 15 arrows of frost
 X - 2 sling bullets
Armour
 c - a +0 robe (worn)
 t - a +2 cloak (worn)
Jewellery
 l - a +3 ring of protection
 v - a ring of stealth (right hand)
 N - a +4 ring of evasion (left hand)
Wands
 C - a wand of slowing (27)
 O - a wand of polymorph (9)
Scrolls
 h - 3 scrolls of remove curse
 i - 2 scrolls of random uselessness {unknown}
 j - 3 scrolls of enchant armour {unknown}
 m - 3 scrolls of fear {unknown}
 w - 2 scrolls of magic mapping {unknown}
 y - 3 scrolls of enchant weapon {unknown}
 z - 9 scrolls of identify
 D - a scroll of amnesia {unknown}
 E - 2 scrolls of immolation {unknown}
 G - a scroll of acquirement {unknown}
 K - a scroll of noise {unknown}
 M - a scroll of fog {unknown}
 Q - 3 scrolls of teleportation
Potions
 k - a potion of haste
 q - a potion of curing {unknown}
 u - a potion of cancellation {unknown}
 A - a potion of lignification {unknown}
 B - a potion of beneficial mutation {unknown}
 F - a potion of agility {unknown}
 P - 2 potions of heal wounds
 S - a potion of berserk rage
 U - 2 potions of brilliance {unknown}
 W - a potion of poison {unknown}
Miscellaneous
 L - a plain deck of summoning
Comestibles
 g - 6 bread rations
 H - 7 fruits
 R - 2 slices of pizza
 V - a meat ration


   Skills:
 + Level 2.3 Fighting
 + Level 4.1 Short Blades
 + Level 8.8(10.0) Slings
 + Level 6.2(7.8) Throwing
 + Level 6.2 Dodging
 + Level 10.3 Stealth


You had 8 spell levels left.
You didn't know any spells.

Dungeon Overview and Level Annotations

Branches:
Dungeon (7/15)             Temple (0/1) D:6

Altars:
Cheibriados
Dithmenos
Nemelex Xobeh
The Shining One

Shops:
D:6 *

Annotations:
D:7 Flanowski's ghost, novice DrBe; Joseph


Innate Abilities, Weirdness & Mutations

You are tiny and cannot use many weapons and most armour.
You have supernaturally acute eyesight.
You are a herbivore.
You cover ground extremely quickly.
You need consume almost no food.


Message History

You throw a stone. The stone hits Joseph.
Joseph is heavily wounded.
Joseph shoots a sling bullet.
The sling bullet hits you!
* * * LOW HITPOINT WARNING * * *
A centaur comes into view.
You feel much better.
The centaur moves out of view.
You see here 6 sling bullets.
Wield which item (- for none, * to show all)? (? for menu, Esc to quit)
It begins to drip with poison!
Y - a +2 short sword of venom (weapon)
Joseph shoots a sling bullet.
The sling bullet hits you!
* * * LOW HITPOINT WARNING * * *
You see here a sling bullet.
Joseph shoots a sling bullet.
The sling bullet completely misses you.
You hit Joseph.
Joseph looks even sicker.
Joseph is severely wounded.
Joseph unwields an uncursed hunting sling.
Joseph wields an uncursed quarterstaff.
Joseph hits you with an uncursed quarterstaff!
You die...

#...## #.# ####.######
.....# #. #.#
#.......... ....## #.
#.###.#..##.... ##.##
##.###........###### #.#
.(.#####.#..## # #.#
#..# ##.###.####### #(#
#..###.## ##....... ...
####.@##.## ##.#####
..(..## #....@###.##
##.## # ......##
###.###.# ##.###..## ##
.......#
........#####.#....####.
.......+
...>...((.............'.
.......#
##...##.######.#...####.
......# ##.# #.# #.##.##
## .....# #.# #(# #.####
# #...# #.# #.# #.#
##'## #.###.###.# #.# #


You could see Joseph.

Vanquished Creatures
  Prince Ribbit (D:7)
  Duvessa (D:7)
  6 ogres
  2 sky beasts
  A black bear (D:7)
  3 ice beasts
  A phantom (D:5)
  Dowan (D:7)
  A scorpion (D:5)
  5 wights (D:7)
  A hound (D:6)
  2 giant frog zombies
  A crimson imp (D:6)
  4 orc priests
  4 worker ants
  5 orc wizards
  3 iguanas
  4 gnolls (D:3)
  5 adders
  2 shadow imps (D:5)
  2 adder zombies
  3 giant geckos
  8 orcs
  8 bats
  3 giant cockroaches
  6 hobgoblins
  5 jackals
  6 kobolds
  3 quokkas
  A ball python skeleton (D:4)
  A giant gecko skeleton (D:6)
  4 giant newts
  6 goblins
  A quokka skeleton (D:5)
  4 rats
114 creatures vanquished.

Vanquished Creatures (others)
  An orc (D:3)
1 creature vanquished.

Grand Total: 115 creatures vanquished

Notes
Turn   | Place    | Note
--------------------------------------------------------------
     0 | D:1      | Metrazal the Spriggan Assassin began the quest for the Orb.
     0 | D:1      | Reached XP level 1. HP: 10/10 MP: 2/2
   188 | D:1      | Reached skill level 6 in Stealth
   352 | D:1      | Reached XP level 2. HP: 14/14 MP: 3/3
   770 | D:1      | You fall through a shaft!
  1382 | D:2      | Reached skill level 7 in Stealth
  1533 | D:2      | Reached XP level 3. HP: 18/18 MP: 4/4
  1861 | D:3      | Reached skill level 1 in Slings
  2192 | D:3      | Reached XP level 4. HP: 5/23 MP: 5/5
  2781 | D:3      | Reached XP level 5. HP: 26/26 MP: 6/6
  2923 | D:3      | Found a snail-covered altar of Cheibriados.
  3555 | D:4      | Noticed an ogre
  3592 | D:4      | Killed an ogre
  3592 | D:4      | Reached XP level 6. HP: 30/30 MP: 7/7
  4350 | D:5      | Entered Level 5 of the Dungeon
  4380 | D:4      | Reached skill level 5 in Slings
  4819 | D:5      | Reached skill level 8 in Stealth
  4858 | D:5      | Reached XP level 7. HP: 34/34 MP: 8/8
  4999 | D:5      | Found a shadowy altar of Dithmenos.
  5842 | D:5      | Found a sparkling altar of Nemelex Xobeh.
  6596 | D:5      | Reached skill level 9 in Stealth
  7022 | D:6      | Reached XP level 8. HP: 39/39 MP: 9/9
  7129 | D:6      | Found a glowing golden altar of the Shining One.
  7186 | D:6      | Reached skill level 5 in Dodging
  7272 | D:6      | Found a staircase to the Ecumenical Temple.
  7338 | D:6      | Reached skill level 5 in Throwing
  7734 | D:6      | Found Gyori's General Store.
  7737 | D:6      | Bought a scroll of identify for 24 gold pieces
  7737 | D:6      | Bought 2 slices of pizza for 36 gold pieces
  7737 | D:6      | Bought a potion of heal wounds for 60 gold pieces
  7737 | D:6      | Bought a potion of berserk rage for 60 gold pieces
  7737 | D:6      | Bought a scroll of teleportation for 36 gold pieces
  7737 | D:6      | Bought 7 needles of slowing for 33 gold pieces
  8305 | D:7      | Noticed Prince Ribbit
  8342 | D:7      | Killed Prince Ribbit
  8516 | D:7      | Noticed Duvessa
  8516 | D:7      | Noticed Joseph
  8805 | D:7      | Noticed Dowan
  8822 | D:7      | Killed Duvessa
  9046 | D:7      | Killed Dowan
  9391 | D:7      | Reached skill level 10 in Stealth
  9391 | D:7      | Reached XP level 9. HP: 42/42 MP: 10/10
 10349 | D:7      | Noticed Flanowski's ghost (novice DrBe)
 10725 | D:7      | Slain by Joseph

Action                   |  1- 3 |  4- 6 |  7- 9 || total
-------------------------+-------+-------+-------++-------
Melee: Dagger            |    30 |    65 |    68 ||   163
       Short sword       |     4 |       |   118 ||   122
 Fire: Blowgun           |    21 |    33 |   101 ||   155
       Hunting sling     |    47 |    87 |   168 ||   302
Throw: Stone             |       |     1 |    17 ||    18
  Use: Scroll            |       |       |     2 ||     2
       Potion            |       |       |     1 ||     1
 Stab: Sleeping          |    13 |    10 |    16 ||    39
       Distracted        |       |       |     2 ||     2
  Eat: Bread ration      |       |     1 |       ||     1
